[Event "Titled Tuesday Blitz May 23 Early 2023"]
[White "GMFYHR1"]
[Black "Shevtchenko, Olesya"]
[BlackFideId "24131890"]
[WhiteElo "2434"]
[BlackElo "2003"]
[Result "0-1"]
[Round "09"]
[TimeControl "180+2"]
[Date "2023.05.23"]
[WhiteClock "0:00:18"]
[BlackClock "0:00:37"]

1. e4 c6 2. d4 d5 3. e5 Bf5 4. Nf3 e6 5. Be2 c5 6. O-O Qb6 7. c3 Nc6 8. dxc5 Bxc5 9. b4 Be7 10. Qa4 Nh6 11. b5 Na5 12. Be3 Qd8 13. b6+ Nc6 14. bxa7 O-O 15. Bb5 Ng4 16. Bxc6 Nxe3 17. fxe3 bxc6 18. Nd4 Bd3 19. Nxc6 Qe8 20. Nxe7+ Qxe7 21. Rd1 Rxa7 22. Qd4 Bc4 23. a3 Rc8 24. Nd2 Rxa3 25. Rxa3 Qxa3 26. Nxc4 Rxc4 27. Qxc4 dxc4 28. Rd8+ Qf8 29. Rxf8+ Kxf8 30. e4 Ke7 31. Kf2 Kd7 32. Ke3 Kc6 33. Kd4 Kb5 34. h3 h5 35. h4 g5 36. hxg5 h4 37. Ke3 Ka4 38. Kd4 Kb3 39. Kc5 Kxc3 40. Kd6 Kd4 41. Ke7 c3 42. Kxf7 c2 43. g6 c1=Q 44. g7 Qc7+ 45. Kf6 Qxe5+ 46. Kf7 Qf4+ 47. Ke7 Qg5+ 48. Kf7 Qxg2 49. g8=Q Qxg8+ 50. Kxg8 Kxe4 0-1


[Site "https://www.chess.com"]

[Event "Titled Tuesday Blitz May 23 Early 2023"]
[White "Matveeva, Olga"]
[Black "Shuvalov, Evgenij"]
[WhiteFideId "24107018"]
[BlackFideId "4187237"]
[WhiteElo "2009"]
[BlackElo "2080"]
[Result "0-1"]
[Round "09"]
[TimeControl "180+2"]
[Date "2023.05.23"]
[WhiteClock "0:00:00"]
[BlackClock "0:00:03"]

1. d4 Nf6 2. c4 c5 3. d5 b5 4. cxb5 a6 5. bxa6 Bxa6 6. Nc3 g6 7. Nf3 Bg7 8. g3 d6 9. Bg2 Nbd7 10. Rb1 O-O 11. O-O Qa5 12. Bd2 Rfb8 13. b3 Qa3 14. Ne1 Qa5 15. Nc2 Qc7 16. a4 Rb7 17. b4 cxb4 18. Nxb4 Ne5 19. Nc6 Nc4 20. Nb5 Bxb5 21. axb5 Nd7 22. Nxe7+ Kf8 23. Nc6 Nc5 24. Bg5 h6 25. Be7+ Kg8 26. Qc1 Ne5 27. b6 Qd7 28. h3 g5 29. f4 Ng6 30. Bxd6 Qxd6 31. fxg5 hxg5 32. Qxg5 Nd7 33. Kh2 Nde5 34. Rf5 Nd7 35. Rbf1 Rf8 36. Be4 Nxb6 37. h4 Nc4 38. h5 Nge5 39. Rf6 Ne3 0-1


[Site "https://www.chess.com"]

[Event "Titled Tuesday Blitz May 23 Early 2023"]
[White "Bruedigam, Martin"]
[Black "Marcziter, Dmitrii"]
[WhiteFideId "24608033"]
[BlackFideId "13900765"]
[WhiteElo "2331"]
[BlackElo "2162"]
[Result "0-1"]
[Round "09"]
[TimeControl "180+2"]
[Date "2023.05.23"]
[WhiteClock "0:00:00"]
[BlackClock "0:00:23"]

1. d4 Nf6 2. c4 g6 3. f3 Bg7 4. e4 d6 5. Nc3 O-O 6. Be3 Na6 7. Nge2 c5 8. d5 e6 9. Ng3 exd5 10. cxd5 Nc7 11. Be2 Re8 12. O-O h5 13. h3 h4 14. Nh1 Nh7 15. Nf2 Rb8 16. a4 b6 17. Qd2 a6 18. Rab1 b5 19. axb5 Nxb5 20. Bh6 Bh8 21. Ra1 Nd4 22. Bc4 a5 23. Ra2 Rb4 24. Qd3 Bd7 25. Bd2 Qb6 26. Rb1 f5 27. Kh1 a4 28. Bf4 Rb8 29. exf5 gxf5 30. Be3 a3 31. Rxa3 Rxb2 32. Rxb2 Qxb2 33. Ra2 Qb4 34. Ba6 Bf6 35. Kh2 Ra8 36. Bc4 Rxa2 37. Bxa2 Qb8 38. Bf4 Qf8 39. Nb5 Bxb5 40. Qb1 Qe7 41. Nd3 Bxd3 42. Qxd3 Be5 43. Bxe5 Qxe5+ 44. Kh1 Ne2 45. Bc4 Qa1+ 0-1


[Site "https://www.chess.com"]

[Event "Titled Tuesday Blitz May 23 Early 2023"]
[White "Fantinel, Thibault"]
[Black "Real_taiatai"]
[WhiteFideId "663395"]
[WhiteElo "2316"]
[BlackElo "2369"]
[Result "1-0"]
[Round "09"]
[TimeControl "180+2"]
[Date "2023.05.23"]
[WhiteClock "0:00:45"]
[BlackClock "0:00:02"]

1. c4 e6 2. g3 d5 3. Bg2 dxc4 4. Qa4+ Bd7 5. Qxc4 Bc6 6. e4 b5 7. Qe2 Nf6 8. d3 Bb7 9. Nf3 c5 10. a4 a6 11. O-O Be7 12. Nc3 b4 13. Nb1 O-O 14. Nbd2 Nbd7 15. Nc4 Nb6 16. Nxb6 Qxb6 17. a5 Qc7 18. b3 Nd7 19. Bb2 e5 20. Nd2 Nb8 21. Nc4 Nc6 22. f4 Bf6 23. Nb6 Rad8 24. Nd5 Rxd5 25. exd5 Nd4 26. Bxd4 exd4 27. d6 Qd7 28. Bxb7 Qxb7 29. Qf3 Qb5 30. Rac1 h6 31. Rfe1 Rd8 32. Qd5 Qxd3 33. d7 Kh7 34. Rxc5 Qd2 35. Re8 d3 36. Qf5+ g6 37. Qxf6 Qd1+ 38. Kg2 Qe2+ 39. Rxe2 dxe2 40. Qxf7+ Kh8 41. Qe8+ Kh7 42. Qxd8 e1=Q 43. Qh8+ Kxh8 44. d8=Q+ Kg7 45. Rc7+ 1-0


[Site "https://www.chess.com"]

[Event "Titled Tuesday Blitz May 23 Early 2023"]
[White "Ezat, Mohamed"]
[Black "Klepikov, Nikita"]
[WhiteFideId "10600906"]
[BlackFideId "24145220"]
[WhiteElo "2386"]
[BlackElo "2025"]
[Result "1-0"]
[Round "09"]
[TimeControl "180+2"]
[Date "2023.05.23"]
[WhiteClock "0:00:26"]
[BlackClock "0:00:04"]

1. d4 Nf6 2. Nf3 d6 3. Nbd2 g6 4. e4 Bg7 5. Bc4 O-O 6. Qe2 Nbd7 7. e5 dxe5 8. dxe5 Ng4 9. e6 Nde5 10. exf7+ Nxf7 11. h3 Nh6 12. Ne4 e5 13. Bg5 Qe8 14. Bxh6 Be6 15. Bxg7 Kxg7 16. O-O Rd8 17. Rad1 h6 18. Bxe6 Qxe6 19. Qb5 b6 20. Qb3 Qf5 21. Ng3 Qf6 22. Qa4 a5 23. Qe4 Rde8 24. Rd7 Kg8 25. Rxc7 Nd6 26. Qd5+ Kh8 27. Ne4 Nxe4 28. Qxe4 Re6 29. Rd1 Rf7 30. Rxf7 Qxf7 31. Nxe5 Qe8 32. f4 Kg7 33. Qd4 Kg8 34. Qd5 Kh8 35. Qb7 Rf6 36. Rd7 Qf8 37. Qc7 Kg8 38. Rd8 1-0


[Site "https://www.chess.com"]

[Event "Titled Tuesday Blitz May 23 Early 2023"]
[White "Wagner, Dennis"]
[Black "Estrada Nieto, Julian"]
[WhiteFideId "24650684"]
[BlackFideId "5101018"]
[WhiteElo "2478"]
[BlackElo "2161"]
[Result "1/2-1/2"]
[Round "09"]
[TimeControl "180+2"]
[Date "2023.05.23"]
[WhiteClock "0:00:03"]
[BlackClock "0:00:10"]

1. e4 e5 2. Nf3 Nc6 3. Bb5 a6 4. Ba4 Nf6 5. O-O Be7 6. d3 b5 7. Bb3 d6 8. a4 b4 9. a5 O-O 10. Nbd2 Be6 11. Nc4 Rb8 12. h3 h6 13. Be3 Nh7 14. g4 Ng5 15. Kg2 Nxf3 16. Qxf3 Bg5 17. Nd2 Bxb3 18. Nxb3 Ne7 19. h4 Bxh4 20. Rh1 Ng6 21. Qf5 Bg5 22. Kg3 Bf4+ 23. Bxf4 exf4+ 24. Kh3 Rb5 25. Rag1 Rxf5 26. gxf5 Ne5 27. Nd4 c5 28. Ne2 f3 29. Nf4 Kh7 30. Rg3 g5 31. Nd5 Rg8 32. Kh2 g4 33. Kg1 Rg5 34. Kf1 Nd7 35. Ke1 Kg7 36. Nf4 Nf6 37. Kd2 Qxa5 38. b3 c4 39. Rgg1 c3+ 40. Ke3 Qc5+ 41. d4 Qc6 42. d5 Qc5+ 43. Kd3 Qb5+ 44. Kd4 Qc5+ 45. Kd3 Nd7 46. Nh5+ Rxh5 47. Rxg4+ Rg5 48. Rxg5+ hxg5 49. f6+ Kg6 50. e5 Nxe5+ 51. Ke4 Qxf2 52. Rh6+ Kxh6 53. Kf5 Qe2 1/2-1/2


[Site "https://www.chess.com"]

[Event "Titled Tuesday Blitz May 23 Early 2023"]
[White "Vlassov, Nikolai"]
[Black "Goncalves, Davi Sulzbacher"]
[WhiteFideId "4103360"]
[BlackFideId "2154510"]
[WhiteElo "2324"]
[BlackElo "2182"]
[Result "1-0"]
[Round "09"]
[TimeControl "180+2"]
[Date "2023.05.23"]
[WhiteClock "0:02:10"]
[BlackClock "0:00:47"]

1. e4 c5 2. c3 d5 3. exd5 Qxd5 4. d4 Nf6 5. Nf3 cxd4 6. cxd4 e6 7. a3 Be7 8. Nc3 Qd6 9. Bd3 O-O 10. Qc2 Nc6 11. Be3 Bd7 12. O-O Rac8 13. Qd2 Na5 14. Rad1 Nc4 15. Qe2 Nxe3 16. fxe3 Qb6 17. Ne5 Bxa3 18. Rxf6 Qxb2 19. Qh5 1-0


[Site "https://www.chess.com"]

[Event "Titled Tuesday Blitz May 23 Early 2023"]
[White "Andreev, Konstantin"]
[Black "Schnaider, Ilan"]
[WhiteFideId "24239305"]
[BlackFideId "169013"]
[WhiteElo "2106"]
[BlackElo "2224"]
[Result "1-0"]
[Round "09"]
[TimeControl "180+2"]
[Date "2023.05.23"]
[WhiteClock "0:01:19"]
[BlackClock "0:00:01"]

1. e4 c5 2. Nf3 d6 3. d4 cxd4 4. Nxd4 Nf6 5. Nc3 a6 6. h4 e5 7. Nb3 Be7 8. Bg5 Be6 9. Bxf6 Bxf6 10. g3 Nc6 11. Qd3 Rc8 12. O-O-O Be7 13. Kb1 b5 14. f4 Bc4 15. Qf3 Qb6 16. Ka1 Bxb3 17. cxb3 Nd4 18. Qd3 Qa5 19. Kb1 O-O 20. f5 Bd8 21. g4 Qb4 22. Qg3 Ba5 23. Nd5 Qc5 24. Bd3 Rfe8 25. g5 Kh8 26. f6 g6 27. h5 Ne2 28. Qh4 Be1 29. Qxe1 Nf4 30. hxg6 Nxg6 31. Rxh7+ Kxh7 32. Qh1+ Kg8 33. Qh6 Nf8 34. Qg7# 1-0


[Site "https://www.chess.com"]

[Event "Titled Tuesday Blitz May 23 Early 2023"]
[White "Pham, Le Thao Nguyen"]
[Black "Ambartsumova, Karina"]
[WhiteFideId "12401226"]
[BlackFideId "4166299"]
[WhiteElo "2286"]
[BlackElo "2240"]
[Result "1/2-1/2"]
[Round "09"]
[TimeControl "180+2"]
[Date "2023.05.23"]
[WhiteClock "0:00:08"]
[BlackClock "0:00:05"]

1. d4 Nf6 2. Nf3 d5 3. c4 e6 4. Nc3 Bb4 5. Bg5 h6 6. Bxf6 Qxf6 7. cxd5 exd5 8. Qb3 c5 9. e3 O-O 10. dxc5 Bxc3+ 11. bxc3 Nd7 12. Nd4 Nxc5 13. Qxd5 Ne6 14. Be2 Rd8 15. Qf3 Qe5 16. O-O Ng5 17. Qg3 Qe4 18. Rfc1 Qe7 19. Bf3 Be6 20. Rab1 Rac8 21. Rxb7 Nxf3+ 22. Qxf3 Qa3 23. Rbb1 Bxa2 24. Ra1 Rxc3 25. Qd1 Rxc1 26. Rxc1 Bd5 27. h3 Be4 28. Ra1 Qe7 29. Qg4 Ra8 30. Ra5 Bg6 31. Qf4 Qb4 32. Nc6 Qb6 33. Ne7+ Kh7 34. Qa4 a6 35. Nxg6 fxg6 36. Kh2 Ra7 37. e4 Qc7+ 38. g3 Qf7 39. Kg2 Qb7 40. Rd5 Ra8 41. Rd6 Qb5 42. Qxb5 axb5 43. Rb6 Re8 44. Rxb5 Rxe4 45. Rb3 g5 46. Rf3 Re7 47. g4 Kg6 48. Rf5 h5 49. Rd5 Re4 50. gxh5+ Kxh5 51. Kg3 Kh6 52. f3 Re6 53. Rc5 Rf6 54. Rd5 Re6 55. Rc5 Rf6 56. Rd5 Re6 1/2-1/2


[Site "https://www.chess.com"]

[Event "Titled Tuesday Blitz May 23 Early 2023"]
[White "Shubenkova, Veronika"]
[Black "Iskusnyh, Sergei"]
[WhiteFideId "44124040"]
[BlackFideId "4120027"]
[WhiteElo "2060"]
[BlackElo "2492"]
[Result "0-1"]
[Round "09"]
[TimeControl "180+2"]
[Date "2023.05.23"]
[WhiteClock "0:00:04"]
[BlackClock "0:00:27"]

1. e4 e6 2. d4 d5 3. exd5 exd5 4. Nf3 Nf6 5. Bd3 c5 6. c3 Nc6 7. O-O Be7 8. dxc5 Bxc5 9. Re1+ Be6 10. h3 O-O 11. Bg5 h6 12. Bh4 g5 13. Bg3 Ne4 14. Bxe4 dxe4 15. Nfd2 f5 16. Qh5 Qf6 17. Na3 Rad8 18. Rad1 Rd3 19. Nf1 Bf7 20. Qe2 f4 21. Bh2 Rfd8 22. b4 Bb6 23. Rxd3 exd3 24. Qd2 Ne5 25. Nb1 Nc4 26. Qd1 d2 27. Re2 Nb2 28. Qxd2 Rxd2 29. Rxd2 Nc4 30. Re2 Qf5 31. Nbd2 Qd3 32. Nxc4 Qxe2 33. Nd6 Qxf2+ 34. Kh1 Qxf1+ 35. Bg1 Qxg1# 0-1


[Site "https://www.chess.com"]

[Event "Titled Tuesday Blitz May 23 Early 2023"]
[White "Kiremitciyan, Ari"]
[Black "Srdanovic, Jovana"]
[WhiteFideId "6373445"]
[BlackFideId "954810"]
[WhiteElo "2181"]
[BlackElo "2169"]
[Result "1-0"]
[Round "09"]
[TimeControl "180+2"]
[Date "2023.05.23"]
[WhiteClock "0:00:45"]
[BlackClock "0:00:59"]

1. e4 c5 2. Nc3 Nc6 3. Bb5 g6 4. Bxc6 dxc6 5. d3 Bg7 6. f4 e5 7. Nf3 Bg4 8. h3 Bxf3 9. Qxf3 Ne7 10. f5 f6 11. Be3 Qd6 12. g4 O-O-O 13. O-O-O Kc7 14. Kb1 a5 15. Na4 b6 16. b3 Nc8 17. Nb2 b5 18. Qf2 Bf8 19. h4 Nb6 20. fxg6 hxg6 21. h5 g5 22. Rhf1 Be7 23. c3 Qe6 24. Bxc5 Bxc5 25. Qxc5 Qxg4 26. Rxf6 Qd7 27. Qxe5+ Kb7 28. Rdf1 Rhe8 29. Qxg5 a4 30. Rf7 1-0


[Site "https://www.chess.com"]

[Event "Titled Tuesday Blitz May 23 Early 2023"]
[White "Avazkhonov, Alikhon"]
[Black "Bodnaruk, Anastasia"]
[WhiteFideId "14208504"]
[BlackFideId "4181751"]
[WhiteElo "1739"]
[BlackElo "2304"]
[Result "1-0"]
[Round "09"]
[TimeControl "180+2"]
[Date "2023.05.23"]
[WhiteClock "0:00:03"]
[BlackClock "0:00:00"]

1. e4 c5 2. Nf3 d6 3. d4 cxd4 4. Nxd4 Nf6 5. Nc3 a6 6. Bg5 Nbd7 7. Bc4 Qb6 8. Bb3 e6 9. f4 Be7 10. Qd2 Nc5 11. Bxf6 Bxf6 12. O-O-O O-O 13. g4 a5 14. g5 Be7 15. Na4 Qa6 16. Qe2 Qxe2 17. Nxe2 Nxe4 18. Rhe1 b5 19. Nb6 Rb8 20. Nxc8 Rfxc8 21. Nd4 d5 22. a4 bxa4 23. Bxa4 Rb4 24. Nc6 Rxc6 25. Bxc6 f5 26. gxf6 Bxf6 27. c3 Rc4 28. Bd7 Kf7 29. f5 exf5 30. Bxf5 Nc5 31. Rxd5 a4 32. Bd3 Nxd3+ 33. Rxd3 Rh4 34. Re2 h5 35. Kb1 Rg4 36. h3 Rg1+ 37. Ka2 g5 38. Re4 Rf1 39. Rxa4 Kg6 40. Ra6 Kf5 41. Rd5+ Ke4 42. Rb5 g4 43. Rxh5 g3 44. Re6+ Kd3 45. Rd5+ Kc2 46. Re2+ Kc1 47. Rg2 Rf3 48. Rd4 Bxd4 49. cxd4 Kd1 50. d5 Ke1 51. d6 Kf1 52. d7 Rd3 53. Rxg3 Rxd7 54. Rc3 Ra7+ 55. Kb1 Kg2 56. Kc2 Rh7 57. b4 Rb7 58. Kb3 1-0


[Site "https://www.chess.com"]

[Event "Titled Tuesday Blitz May 23 Early 2023"]
[White "hakanazeri2"]
[Black "Mouhamad, Joachim"]
[BlackFideId "656410"]
[WhiteElo "2571"]
[BlackElo "2125"]
[Result "0-1"]
[Round "09"]
[TimeControl "180+2"]
[Date "2023.05.23"]
[WhiteClock "0:00:05"]
[BlackClock "0:00:03"]

1. d4 d5 2. Bf4 e6 3. e3 Nf6 4. Nf3 c5 5. c3 Bd6 6. Bxd6 Qxd6 7. Bb5+ Bd7 8. a4 O-O 9. Ne5 Nc6 10. f4 Ne4 11. Nd2 Nxd2 12. Qxd2 f6 13. Nxd7 Qxd7 14. dxc5 Rad8 15. b4 e5 16. O-O Kh8 17. Rad1 Qe6 18. f5 Qe7 19. e4 d4 20. Qc2 g6 21. fxg6 hxg6 22. Rf3 Kg7 23. Rfd3 f5 24. Bxc6 bxc6 25. exf5 Rxf5 26. cxd4 exd4 27. h3 Qe4 28. Qb2 Rfd5 29. Qd2 a6 30. Re1 Qh4 31. Re6 Rf8 32. Rxc6 Rf7 33. Rd6 Re5 34. R6xd4 Re1+ 35. Kh2 Qe7 36. Rg3 Qe5 37. Rg4 Rf6 38. Qd7+ Kf8 39. Qd8+ Kg7 40. Qd7+ Kf8 41. Rg5 Qa1 42. R3g4 Rh1+ 43. Kg3 Qe1# 0-1


[Site "https://www.chess.com"]

[Event "Titled Tuesday Blitz May 23 Early 2023"]
[White "Toncheva, Nadya"]
[Black "Senft, Sean"]
[WhiteFideId "2924056"]
[BlackFideId "2044960"]
[WhiteElo "2101"]
[BlackElo "1989"]
[Result "0-1"]
[Round "09"]
[TimeControl "180+2"]
[Date "2023.05.23"]
[WhiteClock "0:00:00"]
[BlackClock "0:00:13"]

1. e4 c5 2. Nf3 d6 3. d4 cxd4 4. Nxd4 Nf6 5. Nc3 a6 6. Be3 e5 7. Nf3 Be6 8. Be2 Be7 9. a4 h6 10. a5 O-O 11. O-O Nbd7 12. Nd2 Rc8 13. Na4 Qc7 14. c3 Nc5 15. Bxc5 dxc5 16. Nb6 Rcd8 17. Qc2 c4 18. Ndxc4 Bc5 19. b4 Bxb6 20. Nxb6 Rd6 21. Rfd1 Rc6 22. Rac1 Nd7 23. Nd5 Bxd5 24. exd5 Rg6 25. c4 f5 26. c5 Qd8 27. Qb3 Qg5 28. d6+ Kh8 29. Bf1 e4 30. Qd5 e3 31. fxe3 Qxe3+ 32. Kh1 Nf6 33. Qd3 Qf4 34. Qf3 Qh4 35. Rc4 Ng4 36. h3 Nf2+ 37. Kh2 f4 38. Re1 Rg3 39. Rxf4 Rxf4 40. Qxg3 Ng4+ 41. Qxg4 Rxg4 42. Re8+ Kh7 43. Bd3+ g6 44. Re7+ Kg8 45. Re3 Rd4 46. Rf3 g5 47. c6 bxc6 48. Bxa6 g4 49. Rg3 Kf8 50. Be2 h5 0-1


[Site "https://www.chess.com"]

[Event "Titled Tuesday Blitz May 23 Early 2023"]
[White "Tologon tegin, Semetei"]
[Black "Kovalevsky, Stanislav"]
[WhiteFideId "13800574"]
[BlackFideId "13508598"]
[WhiteElo "2247"]
[BlackElo "2174"]
[Result "1-0"]
[Round "09"]
[TimeControl "180+2"]
[Date "2023.05.23"]
[WhiteClock "0:01:19"]
[BlackClock "0:00:40"]

1. Nf3 d5 2. e3 Nd7 3. d4 c6 4. Bd3 Qc7 5. O-O e5 6. dxe5 Nxe5 7. Nxe5 Qxe5 8. e4 dxe4 9. Bxe4 Be6 10. Re1 Qa5 11. Bd2 Bb4 12. Bc3 Nf6 13. a3 Nxe4 14. Bxb4 Qf5 15. f3 Nf6 16. Qd6 Nd5 17. Nc3 Nxb4 18. axb4 a6 19. Re5 Qxc2 20. Rae1 Qb3 21. Rxe6+ fxe6 22. Rxe6+ Kf7 23. Re7+ Kg8 24. Qe5 Qxb4 25. Qxg7# 1-0


[Site "https://www.chess.com"]

[Event "Titled Tuesday Blitz May 23 Early 2023"]
[White "Degenbaev, Aziz"]
[Black "Golubev, Mikhail"]
[WhiteFideId "13802640"]
[BlackFideId "14100983"]
[WhiteElo "2152"]
[BlackElo "2374"]
[Result "1-0"]
[Round "09"]
[TimeControl "180+2"]
[Date "2023.05.23"]
[WhiteClock "0:00:12"]
[BlackClock "0:00:00"]

1. e4 c5 2. Nf3 d6 3. d4 Nf6 4. dxc5 Nxe4 5. cxd6 Nc6 6. Be3 e5 7. Bd3 Nxd6 8. Nc3 Be7 9. Qe2 O-O 10. Rd1 Be6 11. O-O Qc7 12. Ng5 Bxg5 13. Bxg5 f6 14. Be3 b6 15. f4 Rae8 16. Qh5 g6 17. Bxg6 hxg6 18. Qxg6+ Kh8 19. Qh6+ Kg8 20. Qg6+ Kh8 21. Qh6+ Kg8 22. Rf3 Nf5 23. Qh5 Qh7 24. Qg4+ Qg7 25. Qh5 Qh6 26. Qg4+ Ng7 27. f5 Bxf5 28. Qc4+ 1-0


[Site "https://www.chess.com"]

[Event "Titled Tuesday Blitz May 23 Early 2023"]
[White "Filipascu"]
[Black "Kirillov, Dmitry"]
[BlackFideId "34180572"]
[WhiteElo "2530"]
[BlackElo "2161"]
[Result "1-0"]
[Round "09"]
[TimeControl "180+2"]
[Date "2023.05.23"]
[WhiteClock "0:00:55"]
[BlackClock "0:00:00"]

1. c4 e6 2. Nc3 d5 3. e3 c5 4. cxd5 exd5 5. d4 Nf6 6. Nf3 Nc6 7. a3 a6 8. Be2 Bg4 9. O-O Be7 10. dxc5 Bxc5 11. b4 Bd6 12. h3 Bh5 13. Bb2 O-O 14. Nd4 Bg6 15. Rc1 Rc8 16. Nxc6 Rxc6 17. b5 axb5 18. Bxb5 Rc8 19. a4 Be5 20. f4 Bb8 21. Qd4 Be4 22. Rfd1 Qe7 23. Nxe4 dxe4 24. Rxc8 Rxc8 25. Qb6 h5 26. Bxf6 Qxf6 27. Qxb7 Rd8 28. Rxd8+ Qxd8 29. Qxe4 Ba7 30. Kf2 Qd2+ 31. Be2 Qa2 32. Qa8+ 1-0


[Site "https://www.chess.com"]

[Event "Titled Tuesday Blitz May 23 Early 2023"]
[White "Kabilov, Amin"]
[Black "Liu, Casper"]
[WhiteFideId "14700859"]
[BlackFideId "1454153"]
[WhiteElo "2110"]
[BlackElo "2221"]
[Result "0-1"]
[Round "09"]
[TimeControl "180+2"]
[Date "2023.05.23"]
[WhiteClock "0:00:29"]
[BlackClock "0:00:25"]

1. Nf3 d6 2. Ng1 e5 3. Nf3 e4 4. Ng1 d5 5. d4 Bd6 6. c4 c6 7. Nc3 Ne7 8. Bg5 f6 9. Bh4 h5 10. e3 Bb4 11. h3 Nf5 12. Bg3 Nxg3 13. fxg3 Qd6 14. Kf2 Bxc3 15. bxc3 f5 16. h4 Nd7 17. Nh3 Nf6 18. Be2 dxc4 19. Nf4 Ng4+ 20. Bxg4 hxg4 21. a4 Be6 22. Rb1 O-O-O 23. Qd2 Bd5 24. Rb4 g5 25. Nxd5 cxd5 26. Rhb1 gxh4 27. Rxb7 Qxg3+ 28. Kg1 h3 29. R7b5 hxg2 30. Rc5+ Kd7 31. Rxd5+ Ke6 32. Re5+ Qxe5 33. Qxg2 Qd6 0-1


[Site "https://www.chess.com"]

[Event "Titled Tuesday Blitz May 23 Early 2023"]
[White "Sukandar, Irine Kharisma"]
[Black "zsizsi99"]
[WhiteFideId "7101937"]
[WhiteElo "2315"]
[BlackElo "2407"]
[Result "0-1"]
[Round "09"]
[TimeControl "180+2"]
[Date "2023.05.23"]
[WhiteClock "0:00:00"]
[BlackClock "0:00:04"]

1. c4 Nf6 2. Nc3 e6 3. e4 c5 4. e5 Ng8 5. Nf3 d6 6. d4 cxd4 7. Qxd4 Nc6 8. Qe3 Nge7 9. exd6 Nf5 10. Qd2 Bxd6 11. Bd3 Nh4 12. Nxh4 Qxh4 13. g3 Qe7 14. O-O Ne5 15. Be2 O-O 16. Ne4 Bb4 17. Qc2 f5 18. Bg5 Qc7 19. a3 Ba5 20. Nc3 Nf7 21. Bf4 e5 22. Nd5 Qd6 23. Be3 Bd8 24. Rfd1 Qg6 25. Bc5 Re8 26. Bf1 b6 27. Bb4 Bb7 28. Bg2 Rc8 29. Qe2 Ba6 30. b3 e4 31. Qe3 Bg5 32. f4 exf3 33. Qxf3 Ne5 34. Qc3 Ng4 35. Re1 Rxe1+ 36. Rxe1 h5 37. Be7 Kh7 38. Bxg5 Qxg5 39. Nf4 Rg8 40. Ne6 Qf6 41. Qxf6 Nxf6 42. Rf1 Bc8 43. Nd4 g6 44. Nc6 Rg7 45. Ne5 Bb7 46. Rd1 Bxg2 47. Kxg2 Rc7 48. Rd6 Kg7 49. Kf3 Ne4 50. Rc6 Rxc6 51. Nxc6 Nd2+ 52. Kf4 a5 53. b4 Nxc4 54. bxa5 bxa5 55. a4 Kf6 56. h4 Nb2 0-1


[Site "https://www.chess.com"]

[Event "Titled Tuesday Blitz May 23 Early 2023"]
[White "Yelisieiev, Yevhenii"]
[Black "Kopczynski, Michal"]
[WhiteFideId "14139642"]
[BlackFideId "1124200"]
[WhiteElo "2403"]
[BlackElo "2212"]
[Result "0-1"]
[Round "09"]
[TimeControl "180+2"]
[Date "2023.05.23"]
[WhiteClock "0:00:02"]
[BlackClock "0:00:07"]

1. d4 Nf6 2. Nf3 g6 3. g3 Bg7 4. Bg2 d6 5. O-O O-O 6. b3 Nfd7 7. Bb2 Nc6 8. c4 e5 9. dxe5 Ndxe5 10. Nc3 Nxf3+ 11. exf3 Be6 12. Qd2 Qd7 13. f4 Bh3 14. Bxh3 Qxh3 15. Nd5 Rac8 16. Rfe1 Qd7 17. Re2 Rfe8 18. Bxg7 Rxe2 19. Qxe2 Kxg7 20. Qb2+ Kh6 21. Nf6 Qe6 22. g4 g5 23. Nh5 Qxg4+ 24. Ng3 Qxf4 25. Re1 Ne5 26. Re4 Qf3 27. Qd2 Qxe4 28. Nxe4 Nf3+ 29. Kg2 Nxd2 30. Nxd2 Re8 31. Kf3 f5 32. Nf1 Kg6 33. Ne3 c6 34. b4 h5 35. c5 dxc5 36. bxc5 Re5 37. Nc4 Rxc5 38. Nd6 Rc3+ 39. Kg2 b5 40. Nc8 a5 41. Ne7+ Kf6 42. Ng8+ Ke5 43. Ne7 a4 44. Ng6+ Kf6 45. Nf8 b4 46. Nd7+ Ke7 47. Ne5 b3 48. axb3 axb3 49. Ng6+ Kf6 50. Nf8 b2 51. Nd7+ Ke7 0-1


[Site "https://www.chess.com"]

[Event "Titled Tuesday Blitz May 23 Early 2023"]
[White "Ordekalog"]
[Black "Gutkin, Ilya"]
[BlackFideId "16203470"]
[WhiteElo "2513"]
[BlackElo "2265"]
[Result "1/2-1/2"]
[Round "09"]
[TimeControl "180+2"]
[Date "2023.05.23"]
[WhiteClock "0:00:20"]
[BlackClock "0:00:20"]

1. e4 e6 2. Bb5 c6 3. Be2 d5 4. d3 dxe4 5. dxe4 Qxd1+ 6. Kxd1 Bc5 7. f3 Ne7 8. c3 a5 9. Kc2 a4 10. Nd2 O-O 11. Nc4 b5 12. Be3 Bxe3 13. Nxe3 e5 14. Rd1 Be6 15. Kb1 Na6 16. h4 Rfd8 17. Nh3 f6 18. Nf2 Kf7 19. g3 g6 20. a3 Bb3 21. Rxd8 Rxd8 22. Kc1 Nc5 23. Re1 Nc8 24. Bd1 Nb6 25. Bc2 Nc4 26. Nxc4 Bxc4 27. Rd1 Rxd1+ 28. Kxd1 Ke6 29. Kd2 Kd6 30. Ke3 Be6 31. f4 Nd7 32. Bd1 Nb6 33. Be2 Bc4 34. Bg4 Bf1 35. Be2 Bxe2 36. Kxe2 exf4 37. gxf4 Nc4 38. Nd3 h6 39. Kf3 Ke6 40. Ke2 g5 41. hxg5 hxg5 42. Kf3 Nd2+ 43. Ke3 Nc4+ 44. Kf3 Nd2+ 45. Ke3 Nc4+ 46. Kf3 1/2-1/2


[Site "https://www.chess.com"]

[Event "Titled Tuesday Blitz May 23 Early 2023"]
[White "Hajiyev, Kanan"]
[Black "Herzog2012"]
[WhiteFideId "13404148"]
[WhiteElo "2103"]
[BlackElo "2371"]
[Result "0-1"]
[Round "09"]
[TimeControl "180+2"]
[Date "2023.05.23"]
[WhiteClock "0:00:04"]
[BlackClock "0:00:09"]

1. d4 Nf6 2. c4 e6 3. Nf3 b6 4. g3 Ba6 5. b3 Bb4+ 6. Bd2 Be7 7. Bg2 c6 8. O-O d5 9. Nc3 O-O 10. Ne5 Nfd7 11. Nf3 dxc4 12. bxc4 Bxc4 13. Qc2 Ba6 14. Rfd1 Nf6 15. Ne5 Nd5 16. e3 Bb7 17. Rac1 Nd7 18. Nxd5 cxd5 19. Qc7 Nxe5 20. dxe5 Rb8 21. a4 Bc5 22. Qxd8 Rfxd8 23. Bc3 a5 24. Bf1 Bc6 25. Bb5 Bxb5 26. axb5 Ra8 27. Bd4 Bxd4 28. exd4 Rdc8 29. Rc6 Rxc6 30. bxc6 Rc8 31. Rc1 Rc7 32. Kf1 f6 33. exf6 gxf6 34. Ke2 Kf7 35. Kd3 Ke7 36. f4 Kd6 37. f5 Rxc6 38. Rb1 e5 39. dxe5+ fxe5 40. g4 e4+ 41. Kd4 Rc4+ 42. Ke3 Rb4 43. Rd1 Rb3+ 44. Kf2 Rf3+ 45. Kg2 a4 46. Rb1 Kc5 47. Rc1+ Kd4 48. Rd1+ Ke5 49. Rb1 Rb3 50. Ra1 a3 51. Rf1 Rf3 52. Rb1 a2 53. Ra1 Ra3 54. h4 b5 55. Kf2 b4 56. Ke2 b3 57. f6 Kxf6 58. Rf1+ Ke6 59. Kd2 a1=Q 60. Rxa1 Rxa1 61. Kc3 Rg1 62. Kxb3 Rxg4 0-1


[Site "https://www.chess.com"]

[Event "Titled Tuesday Blitz May 23 Early 2023"]
[White "Todorovic, Bojan"]
[Black "Martic, Ivan"]
[WhiteFideId "917087"]
[BlackFideId "929301"]
[WhiteElo "2266"]
[BlackElo "2360"]
[Result "0-1"]
[Round "09"]
[TimeControl "180+2"]
[Date "2023.05.23"]
[WhiteClock "0:01:20"]
[BlackClock "0:02:15"]

1. d4 d5 2. c4 c6 3. Nf3 Nf6 4. e3 Bg4 5. Bd3 e6 6. O-O Nbd7 7. Nbd2 Bd6 8. Qc2 O-O 9. e4 dxe4 10. Nxe4 Nxe4 11. Bxe4 f5 12. Bg5 Qe8 0-1


[Site "https://www.chess.com"]